AoeStats
← elmorido15

Black Forest

504160795Analyzed
3v3 RM · 1mo ago on Sep 4, 2026· 61m 22s· 6 players
Game mode
Random Map
Map size
Normal (6 player)
Population
200
Speed
Normal
Resources
Standard
Victory
Conquest
Starting age
Dark Age
Ending age
Imperial Age
RankedLock teamsTeams togetherTeam positionsShared explorationLock speedFull tech treeHidden civsTurbo modeCheats
Victory
Defeat
🇨🇱 Muisca · Chile
686
+18
🇦🇺 Maya · Australia
664
+19
🇦🇷 Tupi · Argentina
625
+21
🇲🇽 Persians · Mexico
845
-71
🇲🇽 Koreans · Mexico
741
-50
🇲🇽 Spanish · Mexico
610
-14
Carrizuwu
14:59 Feudal Age
15:48 Double-Bit Axe
15:46 Horse Collar
15:59 Gold Mining
20:11 Fletching
23:12 Castle Age
21:34 Forging
21:27 Padded Archer Armor
22:01 Gold Mining
22:24 Champi Runner
22:33 Champi Runner
25:18 Squires
26:10 Scale Mail Armor
28:17 Iron Casting
27:37 Bodkin Arrow
27:48 Heavy Plow
28:00 Bow Saw
27:52 Champi Warrior
28:47 Crossbowman
29:33 Thumb Ring
32:47 Leather Archer Armor
32:08 Elite Skirmisher
35:05 Fervor
35:18 Sanctity
41:16 Imperial Age
38:35 Loom
39:25 Wheelbarrow
38:36 Town Watch
39:31 Gold Shaft Mining
38:49 Stone Mining
39:13 Herbalism
38:40 Pikeman
42:34 Crop Rotation
43:07 Two-Man Saw
42:44 Stone Shaft Mining
43:45 Chain Mail Armor
43:54 Ballistics
43:18 Treadmill Crane
43:49 Masonry
44:26 Conscription
48:11 Elite Guecha Warrior
51:36 Chemistry
50:43 Siege Engineers
50:26 Capped Ram
52:56 Arbalester
56:38 Elite Champi Warrior
DiamanteX3191
2:40 Loom
13:37 Feudal Age
19:05 Wheelbarrow
21:56 Castle Age
20:04 Fishing Lines
20:13 Double-Bit Axe
20:11 Horse Collar
20:23 Gold Mining
23:27 Bow Saw
23:28 Heavy Plow
25:37 Stone Mining
26:32 Gold Shaft Mining
25:55 Gillnets
28:44 Hand Cart
28:51 Fletching
30:26 Caravan
34:50 Ballistics
34:11 Treadmill Crane
36:07 Town Watch
40:26 Imperial Age
38:01 Town Patrol
38:06 Bodkin Arrow
38:13 Padded Archer Armor
38:24 Forging
38:15 Scale Mail Armor
41:32 Curare
41:36 Caciques
40:53 Elite Blackwood Archer
41:54 Conscription
43:39 Two-Man Saw
42:45 Bracer
43:01 Chain Mail Armor
43:01 Leather Archer Armor
43:22 Iron Casting
42:57 Squires
42:45 Arson
42:24 Pikeman
43:22 Halberdier
43:29 Champi Runner
45:43 Plate Mail Armor
46:07 Arrowslits
47:23 Chemistry
46:19 Murder Holes
46:16 Guard Tower
47:36 Hoardings
49:07 Ring Archer Armor
49:50 Onager
50:55 Elite Skirmisher
51:11 Crossbowman
51:14 Capped Ram
51:18 Heavy Scorpion
54:20 Keep
61:09 Siege Ram
61:12 Champi Warrior
61:13 Elite Ibirapema Warrior
Budgi
0:27 Loom
12:02 Feudal Age
14:25 Double-Bit Axe
16:02 Horse Collar
23:16 Castle Age
22:28 Wheelbarrow
23:46 Forging
23:28 Fletching
23:38 Padded Archer Armor
26:12 Thumb Ring
25:29 Crossbowman
31:03 Hand Cart
30:41 Town Watch
31:20 Heavy Plow
34:19 Gold Mining
35:46 Elite Skirmisher
36:37 Town Patrol
37:16 Iron Casting
36:57 Leather Archer Armor
36:38 Bodkin Arrow
37:20 Stone Mining
41:07 Imperial Age
40:10 Hul'che Javelineers
42:11 Masonry
42:11 Fortified Wall
43:02 Chemistry
41:45 Treadmill Crane
43:09 Blast Furnace
42:32 Arbalester
45:16 Bow Saw
45:59 Holcans
45:50 Conscription
47:09 Architecture
47:13 Ring Archer Armor
46:44 Bracer
47:03 Heavy Scorpion
Gatanista
11:39 Loom
20:28 Feudal Age
21:08 Double-Bit Axe
21:09 Horse Collar
22:16 Town Watch
23:02 Stone Mining
24:23 Wheelbarrow
31:31 Castle Age
32:27 Forging
32:18 Scale Mail Armor
32:24 Scale Barding Armor
32:10 Fletching
32:27 Heavy Plow
32:42 Bow Saw
33:11 Stone Shaft Mining
32:27 Gold Mining
35:34 Hand Cart
35:20 Town Patrol
35:25 Caravan
39:27 Gold Shaft Mining
40:52 Masonry
43:20 Imperial Age
46:09 Architecture
45:20 Treadmill Crane
45:31 Heated Shot
46:03 Ballistics
46:43 Chemistry
47:56 Coinage
47:40 Guilds
51:16 Eupseong
51:43 Shinkichon
51:39 Murder Holes
51:55 Fortified Wall
elmorido15
1:46 Loom
19:27 Feudal Age
20:39 Wheelbarrow
22:42 Horse Collar
23:29 Town Watch
26:28 Double-Bit Axe
26:36 Gold Mining
27:13 Stone Mining
34:36 Bloodlines
39:48 Castle Age
40:34 Hand Cart
41:13 Bow Saw
41:44 Gold Shaft Mining
44:06 Stone Shaft Mining
45:04 Heavy Plow
45:43 Town Patrol
49:02 Husbandry
49:32 Parthian Tactics
48:29 Crossbowman
48:34 Elite Skirmisher
49:28 Caravan
52:48 Forging
52:42 Scale Mail Armor
55:29 Kamandaran
Khada Jhin
13:45 Feudal Age
14:11 Double-Bit Axe
14:47 Horse Collar
16:57 Wheelbarrow
18:57 Forging
19:32 Bloodlines
24:35 Castle Age
23:27 Gold Mining
23:28 Stone Mining
25:34 Hand Cart
28:14 Bow Saw
31:13 Scale Barding Armor
32:21 Chain Barding Armor
32:53 Ballistics
37:06 Imperial Age
35:37 Iron Casting
35:37 Husbandry
36:47 Masonry
37:37 Heavy Plow
39:37 Two-Man Saw
38:18 Cavalier
41:37 Fervor
41:35 Paladin
44:55 Plate Barding Armor
44:57 Conscription
44:48 Murder Holes
47:17 Blast Furnace
47:50 Elite Conquistador
48:44 Onager
54:56 Fletching
Connection lost

Rejoining the realm…

Still unreachable

The connection could not be restored.

Session expired

The server has moved on; the page needs a fresh start.